MLB
BOSTON RED SOX @ BALTIMORE ORIOLES
04/25/2023
 
TOP OF THE 1ST
Boston Red Sox batting - Pitching for Baltimore Orioles : LHP Mike Minor
Pitching: LHP Mike Minor
Batting: LHB Brendan Donovan 0-0: Called Strike
0-1: Foul Ball, location: 2F
0-2: Reached on error, E4 (Line Drive, 4, EV 61.3 MPH)
Batting: SHB Jorge Polanco 0-0: Called Strike
0-1: Ball
1-1: Foul Ball, location: 2F
1-2: Ball
2-2: Ball
3-2: Strikes out swinging
Brendan Donovan is caught stealing 2nd base 2-4
Batter strikes out.
Batting: RHB DJ LeMahieu 0-0: Fly out, F8 (Flyball, 8RM, EV 87.5 MPH)
Top of the 1st over - 0 runs, 0 hits, 1 error, 0 left on base; Boston 0 - Baltimore 0
BOTTOM OF THE 1ST
Baltimore Orioles batting - Pitching for Boston Red Sox : RHP Kyle Wright
Pitching: RHP Kyle Wright
Batting: RHB Hanser Alberto 0-0: Ground out 5-3 (Groundball, 5, EV 101.9 MPH)
Batting: RHB Edmundo Sosa 0-0: Called Strike
0-1: Ground out 5-3 (Groundball, 56, EV 103.8 MPH)
Batting: LHB Anthony Rizzo 0-0: Swinging Strike
0-1: Ball
1-1: Fly out, F7 (Flyball, 7S, EV 93.1 MPH)
Bottom of the 1st over - 0 runs, 0 hits, 0 errors, 0 left on base; Boston 0 - Baltimore 0
TOP OF THE 2ND
Boston Red Sox batting - Pitching for Baltimore Orioles : LHP Mike Minor
Batting: RHB Mike Trout 0-0: Called Strike
0-1: Ground out 6-3 (Groundball, 6, EV 86.3 MPH)
Batting: RHB Sean Murphy 0-0: Ball
1-0: Ball
2-0: Ball
3-0: Swinging Strike
3-1: Swinging Strike
3-2: Foul Ball, location: 9LDF
3-2: Base on Balls
Batting: RHB Javier Baez 0-0: DOUBLE (Flyball, 78D, EV 90.6 MPH)
Sean Murphy to third
Runner from 3rd tries for Home, SAFE, no throw by LF
Batting: LHB Alex Verdugo 0-0: Ball
1-0: Called Strike
1-1: Ground out 4-3 (Groundball, 4, EV 82.5 MPH)
Javier Baez to third
Batting: LHB Gavin Sheets 0-0: Ball
1-0: Swinging Strike
1-1: Called Strike
1-2: Ball
2-2: Foul Ball, location: 2F
2-2: Foul Ball, location: 23F
2-2: Ball
3-2: Foul Ball, location: 5SF
3-2: Base on Balls
Batting: RHB Evan Longoria 0-0: Foul Ball, location: 2F
0-1: Fly out, F8 (Flyball, 8LD, EV 90.6 MPH)
Top of the 2nd over - 1 run, 1 hit, 0 errors, 2 left on base; Boston 1 - Baltimore 0
BOTTOM OF THE 2ND
Baltimore Orioles batting - Pitching for Boston Red Sox : RHP Kyle Wright
Batting: RHB Marcell Ozuna 0-0: Fly out, F3 (Popup, 23F, EV 84.4 MPH)
Batting: RHB Travis d'Arnaud 0-0: SINGLE (Line Drive, 4D, EV 107.5 MPH)
Batting: LHB Odubel Herrera 0-0: SINGLE (Line Drive, 7S, EV 109.4 MPH)
Travis d'Arnaud to second
Batting: LHB Kerry Carpenter 0-0: Ball
1-0: Foul Ball, location: 2F
1-1: Foul Ball, location: 2F
1-2: Foul Ball, location: 2F
1-2: Ball
2-2: SINGLE (Line Drive, 7S, EV 111.3 MPH)
Travis d'Arnaud to third
Odubel Herrera to second
Batting: RHB Andy Ibanez 0-0: Hit by Pitch
Travis d'Arnaud scores
Odubel Herrera to third
Kerry Carpenter to second
Batting: RHB Yan Gomes 0-0: Ball
1-0: Called Strike
1-1: Ball
2-1: Foul Ball, location: 9LDF
2-2: Ball
3-2: Grounds into double play, 5-4-3 (Groundball, 56S, EV 88.1 MPH)
Bottom of the 2nd over - 1 run, 3 hits, 0 errors, 2 left on base; Boston 1 - Baltimore 1
TOP OF THE 3RD
Boston Red Sox batting - Pitching for Baltimore Orioles : LHP Mike Minor
Batting: LHB Brendan Donovan 0-0: Called Strike
0-1: Ball
1-1: Reached on error, E4 (Groundball, 34D, EV 104.4 MPH)
Batting: SHB Jorge Polanco 0-0: Fly out, F8 (Flyball, 89M, EV 79.4 MPH)
Batting: RHB DJ LeMahieu 0-0: Ball
1-0: Ball
2-0: Swinging Strike
2-1: Foul Ball, location: 2F
2-2: Ball
3-2: Foul Ball, location: 2F
3-2: Fly out, F7 (Flyball, 78M, EV 87.5 MPH)
Batting: RHB Mike Trout 0-0: Called Strike
0-1: Ball
1-1: SINGLE (Line Drive, 6M, EV 96.9 MPH)
Brendan Donovan to second
Batting: RHB Sean Murphy 0-0: Foul Ball, location: 2F
0-1: Foul Ball, location: 9LSF
0-2: Foul Ball, location: 2RF
0-2: Ball
1-2: Ball
2-2: Ball
Wild Pitch!
Brendan Donovan to third
Mike Trout to second
3-2: Foul Ball, location: 2F
3-2: 3-RUN HOME RUN (Flyball, 7LD, EV 93.8 MPH), Distance : 359 ft
Pitching: LHP Robbie Ray
Batting: RHB Javier Baez 0-0: Called Strike
0-1: Foul Ball, location: 2F
0-2: Strikes out swinging
Top of the 3rd over - 3 runs, 2 hits, 1 error, 0 left on base; Boston 4 - Baltimore 1
BOTTOM OF THE 3RD
Baltimore Orioles batting - Pitching for Boston Red Sox : RHP Kyle Wright
Batting: RHB Hanser Alberto 0-0: Foul Ball, location: 2F
0-1: Called Strike
0-2: Foul Ball, location: 25F
0-2: SOLO HOME RUN (Flyball, 7D, EV 93.8 MPH), Distance : 361 ft
Batting: RHB Edmundo Sosa 0-0: Ball
1-0: Ball
2-0: Reached on error, E4 (Groundball, 4, EV 94.4 MPH)
Batting: LHB Anthony Rizzo 0-0: Ball
1-0: DOUBLE (Line Drive, 8LXD, EV 109.4 MPH)
Edmundo Sosa to third
Batting: RHB Marcell Ozuna 0-0: Ball
1-0: Foul Ball, location: 2F
1-1: Called Strike
1-2: Strikes out swinging
Batting: RHB Travis d'Arnaud 0-0: Fly out, F9 (Flyball, 9, EV 93.8 MPH)
Runner from 3rd tags up, OUT at HOME! 9-2
Bottom of the 3rd over - 1 run, 2 hits, 1 error, 1 left on base; Boston 4 - Baltimore 2
TOP OF THE 4TH
Boston Red Sox batting - Pitching for Baltimore Orioles : LHP Robbie Ray
Batting: LHB Alex Verdugo 0-0: Called Strike
0-1: Fly out, F8 (Flyball, 8RD, EV 81.9 MPH)
Batting: LHB Gavin Sheets 0-0: Ground out 3-1 (Groundball, 34, EV 91.3 MPH)
Batting: RHB Evan Longoria 0-0: Ball
1-0: Called Strike
1-1: Ball
2-1: Called Strike
2-2: Ball
3-2: Base on Balls
Batting: LHB Brendan Donovan 0-0: Ball
1-0: Foul Ball, location: 2F
1-1: Called Strike
1-2: Ground out 6-3 (Groundball, 4MD, EV 106.9 MPH)
Top of the 4th over - 0 runs, 0 hits, 0 errors, 1 left on base; Boston 4 - Baltimore 2
BOTTOM OF THE 4TH
Baltimore Orioles batting - Pitching for Boston Red Sox : RHP Kyle Wright
Batting: LHB Odubel Herrera 0-0: Ball
1-0: Called Strike
1-1: Foul Ball, location: 3DF
1-2: Foul Ball, location: 2F
1-2: Ball
2-2: Foul Ball, location: 2F
2-2: Strikes out swinging
Batting: LHB Kerry Carpenter 0-0: Ball
1-0: Ball
2-0: Foul Ball, location: 25F
2-1: Ball
3-1: Foul Ball, location: 2F
3-2: Strikes out looking
Batting: RHB Andy Ibanez 0-0: Fly out, F1 (Line Drive, P, EV 70.6 MPH)
Bottom of the 4th over - 0 runs, 0 hits, 0 errors, 0 left on base; Boston 4 - Baltimore 2
TOP OF THE 5TH
Boston Red Sox batting - Pitching for Baltimore Orioles : LHP Robbie Ray
Batting: SHB Jorge Polanco 0-0: Swinging Strike
0-1: Ball
1-1: Foul Ball, location: 5F
1-2: Ball
2-2: Strikes out swinging, 2-3 out at first.
Batting: RHB DJ LeMahieu 0-0: Ball
1-0: DOUBLE (Line Drive, 8RXD, EV 106.9 MPH)
Batting: RHB Mike Trout 0-0: Called Strike
0-1: Ball
1-1: Ball
2-1: 2-RUN HOME RUN (Flyball, 9D, EV 104.4 MPH), Distance : 396 ft
Pitching: LHP Brooks Raley
Batting: RHB Sean Murphy 0-0: Ball
1-0: Ball
2-0: Called Strike
2-1: Swinging Strike
2-2: Foul Ball, location: 2F
2-2: Strikes out swinging
Batting: RHB Javier Baez 0-0: Foul Ball, location: 9LDF
0-1: Ball
1-1: Fly out, F8 (Flyball, 8RD, EV 91.9 MPH)
Top of the 5th over - 2 runs, 2 hits, 0 errors, 0 left on base; Boston 6 - Baltimore 2
BOTTOM OF THE 5TH
Baltimore Orioles batting - Pitching for Boston Red Sox : RHP Kyle Wright
Batting: RHB Yan Gomes 0-0: Called Strike
0-1: Ball
1-1: Ball
2-1: Ground out U3 (Groundball, 3L, EV 86.3 MPH)
Batting: RHB Hanser Alberto 0-0: Called Strike
0-1: Foul Ball, location: 2F
0-2: Ball
1-2: Ball
2-2: Ground out 5-3 (Groundball, 56S, EV 83.8 MPH)
Batting: RHB Edmundo Sosa 0-0: Called Strike
0-1: Ball
1-1: Ball
2-1: Foul Ball, location: 5F
2-2: Foul Ball, location: 9LSF
2-2: Ball
3-2: Foul Ball, location: 2F
3-2: Base on Balls
Batting: LHB Anthony Rizzo 0-0: Ball
1-0: Swinging Strike
1-1: Ball
2-1: Ball
3-1: Fly out, F8 (Flyball, 8RM, EV 81.9 MPH)
Bottom of the 5th over - 0 runs, 0 hits, 0 errors, 1 left on base; Boston 6 - Baltimore 2
TOP OF THE 6TH
Boston Red Sox batting - Pitching for Baltimore Orioles : LHP Brooks Raley
Batting: LHB Alex Verdugo 0-0: Foul Ball, location: 5F
0-1: Ball
1-1: SINGLE (Line Drive, 6D, EV 108.8 MPH)
Batting: LHB Gavin Sheets 0-0: Called Strike
0-1: Ball
1-1: Ball
2-1: DOUBLE (Line Drive, 9LS, EV 111.3 MPH)
Alex Verdugo to third
Batting: RHB Evan Longoria 0-0: Ground out 5-3 (Groundball, 56, EV 82.5 MPH)
Batting: LHB Brendan Donovan 0-0: Called Strike
0-1: Ball
1-1: Ball
2-1: Foul Ball, location: 2F
2-2: Strikes out swinging
Batting: SHB Jorge Polanco 0-0: 3-RUN HOME RUN (Flyball, 7LD, EV 95.0 MPH), Distance : 359 ft
Batting: RHB DJ LeMahieu 0-0: Ball
1-0: Ball
2-0: Called Strike
2-1: SINGLE (Line Drive, 78S, EV 102.5 MPH)
Pitching: RHP Phil Maton
Batting: RHB Mike Trout 0-0: Called Strike
0-1: Ball
1-1: Ball
2-1: Foul Ball, location: 25F
2-2: Ball
3-2: Strikes out swinging
Top of the 6th over - 3 runs, 4 hits, 0 errors, 1 left on base; Boston 9 - Baltimore 2
BOTTOM OF THE 6TH
Baltimore Orioles batting - Pitching for Boston Red Sox : RHP Kyle Wright
Batting: RHB Marcell Ozuna 0-0: Ball
1-0: Swinging Strike
1-1: Ball
2-1: Foul Ball, location: 5F
2-2: Ground out 5-3 (Groundball, 5, EV 89.4 MPH)
Batting: RHB Travis d'Arnaud 0-0: Called Strike
0-1: SINGLE (Line Drive, 4D, EV 98.1 MPH)
Batting: LHB Odubel Herrera 0-0: Called Strike
0-1: Foul Ball, location: 5F
0-2: Ball
1-2: Ball
2-2: Foul Ball, location: 7LSF
2-2: Fly out, F8 (Flyball, 8LD, EV 110.0 MPH)
Batting: LHB Kerry Carpenter 0-0: Called Strike
0-1: Ball
1-1: Swinging Strike
1-2: Ball
2-2: Hit by Pitch
Travis d'Arnaud to second
Batting: RHB Andy Ibanez 0-0: SINGLE (Groundball, 5S, EV 59.4 MPH) (infield hit)
Travis d'Arnaud to third
Kerry Carpenter to second
Batting: RHB Yan Gomes 0-0: Called Strike
0-1: Foul Ball, location: 9LMF
0-2: Strikes out swinging
Bottom of the 6th over - 0 runs, 2 hits, 0 errors, 3 left on base; Boston 9 - Baltimore 2
TOP OF THE 7TH
Boston Red Sox batting - Pitching for Baltimore Orioles : RHP Phil Maton
Batting: RHB Sean Murphy 0-0: DOUBLE (Line Drive, 89M, EV 101.3 MPH)
Batting: RHB Javier Baez 0-0: Ground out 5-3 (Groundball, 56S, EV 63.8 MPH)
Batting: LHB Alex Verdugo 0-0: Called Strike
0-1: Ball
1-1: Called Strike
1-2: SINGLE (Groundball, 6MD, EV 98.8 MPH)
Sean Murphy to third
Runner from 3rd tries for Home, SAFE, throw by CF to home
Batting: LHB Gavin Sheets 0-0: Grounds into double play, 4-6-3 (Groundball, 4, EV 88.1 MPH)
Top of the 7th over - 1 run, 2 hits, 0 errors, 0 left on base; Boston 10 - Baltimore 2
BOTTOM OF THE 7TH
Baltimore Orioles batting - Pitching for Boston Red Sox : RHP Kyle Wright
Batting: RHB Hanser Alberto 0-0: Ball
1-0: Fly out, F9 (Flyball, 9S, EV 88.8 MPH)
Batting: RHB Edmundo Sosa 0-0: Foul Ball, location: 2F
0-1: Fly out, F9 (Line Drive, 89S, EV 103.8 MPH)
Batting: LHB Anthony Rizzo 0-0: Foul Ball, location: 2F
0-1: Swinging Strike
0-2: Foul Ball, location: 5DF
0-2: Ball
1-2: Foul Ball, location: 9LDF
1-2: Strikes out swinging
Bottom of the 7th over - 0 runs, 0 hits, 0 errors, 0 left on base; Boston 10 - Baltimore 2
TOP OF THE 8TH
Boston Red Sox batting - Pitching for Baltimore Orioles : RHP Phil Maton
Batting: RHB Evan Longoria 0-0: Ball
1-0: Called Strike
1-1: SINGLE (Line Drive, 6D, EV 97.5 MPH)
Batting: LHB Brendan Donovan 0-0: Foul Ball, location: 25F
0-1: Foul Ball, location: 2F
0-2: Fly out, F4 (Popup, 4MD, EV 65.6 MPH)
Batting: SHB Jorge Polanco 0-0: Ball
1-0: Foul Ball, location: 2F
1-1: Called Strike
1-2: Fielders Choice at 2nd, 3-6 (Groundball, 3, EV 105.6 MPH)
Batting: RHB DJ LeMahieu 0-0: Ball
1-0: Swinging Strike
1-1: Swinging Strike
1-2: Foul Ball, location: 5SF
1-2: Foul Ball, location: 25F
1-2: Strikes out swinging, 2-3 out at first.
Top of the 8th over - 0 runs, 1 hit, 0 errors, 1 left on base; Boston 10 - Baltimore 2
BOTTOM OF THE 8TH
Baltimore Orioles batting - Pitching for Boston Red Sox : RHP Kyle Wright
Pitching: LHP Aaron Loup
Batting: RHB Marcell Ozuna 0-0: Called Strike
0-1: Foul Ball, location: 3F
0-2: Strikes out swinging
Batting: RHB Travis d'Arnaud 0-0: Called Strike
0-1: Ground out 4-3 (Groundball, 4, EV 100.6 MPH)
Batting: LHB Odubel Herrera 0-0: Ground out 4-3 (Groundball, 4, EV 78.8 MPH)
Bottom of the 8th over - 0 runs, 0 hits, 0 errors, 0 left on base; Boston 10 - Baltimore 2
TOP OF THE 9TH
Boston Red Sox batting - Pitching for Baltimore Orioles : RHP Phil Maton
Pitching: RHP Jameson Taillon
Batting: RHB Mike Trout 0-0: Ball
1-0: Ball
2-0: Ball
3-0: Called Strike
3-1: Base on Balls
Batting: RHB Sean Murphy 0-0: Ball
1-0: Swinging Strike
1-1: Swinging Strike
1-2: Fly out, F7 (Flyball, 7, EV 93.8 MPH)
Batting: RHB Javier Baez 0-0: Ball
1-0: Grounds into double play, 6-4-3 (Groundball, 6, EV 88.1 MPH)
Top of the 9th over - 0 runs, 0 hits, 0 errors, 0 left on base; Boston 10 - Baltimore 2
BOTTOM OF THE 9TH
Baltimore Orioles batting - Pitching for Boston Red Sox : LHP Aaron Loup
Batting: LHB Kerry Carpenter 0-0: Ball
1-0: Called Strike
1-1: Called Strike
1-2: Strikes out swinging
Batting: RHB Andy Ibanez 0-0: Called Strike
0-1: Fly out, F8 (Flyball, 78D, EV 101.3 MPH)
Batting: RHB Yan Gomes 0-0: Ball
1-0: Foul Ball, location: 9LMF
1-1: Foul Ball, location: 7LSF
1-2: Strikes out swinging
Bottom of the 9th over - 0 runs, 0 hits, 0 errors, 0 left on base; Boston 10 - Baltimore 2
Saturday, June 3rd , 2023 - OOTP Baseball 24.5 Build 64